 Dungeon Crawl Stone Soup version 0.31-a0-208-gdb31a4691d (webtiles) character file.

Game seed: 13078416357729501240

499 rabbitsville the Trooper (level 7, 0/64 HPs)
             Began as a Hill Orc Berserker on June 29, 2023.
             Was a Priest of Trog.
             Succumbed to a scorpion's poison
             ... on level 4 of the Dungeon.
             The game lasted 00:08:12 (3456 turns).

rabbitsville the Trooper (Hill Orc Berserker)       Turns: 3456, Time: 00:08:12

Health: 0/64       AC: 11    Str: 22    XL:     7   Next: 16%
Magic:  7/7        EV: 11    Int: 13    God:    Trog [***...]
Gold:   134        SH:  0    Dex: 10    Spells: 6/6 levels left

rFire   + . .        o - +0 flail
rCold   . . .        y - orb {*Rage}
rNeg    . . .        w - +4 ring mail of Syndicalism {rElec rF+}
rPois   .            (no helmet)
rElec   +            (no cloak)
rCorr   .            x - +0 pair of gloves
SInv    .            (no boots)
Will    .....        (no amulet) Stlth
                     l - +6 ring of intelligence
HPRegen 0.30/turn    (no ring)
MPRegen 0.10/turn

%: random rage (20%)
@: lethally poisoned (0 -> -4), on berserk cooldown, attractive, slowed, very
slow
A: no striking features
a: Renounce Religion, Berserk, Trog's Hand


You were on level 4 of the Dungeon.
You worshipped Trog.
Trog was most pleased with you.
You visited 1 branch of the dungeon, and saw 4 of its levels.

You collected 134 gold pieces.

Inventory:

Hand Weapons
 a - a +0 mace
 o - a +0 flail (weapon)
Armour
 b - a +0 animal skin
 j - a +0 scale mail
 k - an orb of mayhem
 w - the +4 ring mail of Syndicalism (worn) {rElec rF+}
   (You found it on level 4 of the Dungeon)

   rF:        It protects you from fire.
   rElec:     It insulates you from electricity.
 x - a +0 pair of gloves (worn)
 y - an orb of wrath (worn)
Jewellery
 l - a +6 ring of intelligence (left hand)
Wands
 v - a wand of flame (20)
Scrolls
 c - 2 scrolls of enchant armour {unknown}
 d - a scroll of immolation {unknown}
 e - 3 scrolls of identify {unknown}
 h - 2 scrolls of vulnerability {unknown}
 i - a scroll of torment {unknown}
 n - a scroll of revelation {unknown}
 t - a scroll of fog {unknown}
 u - a scroll of teleportation {unknown}
Potions
 f - 2 potions of attraction
 g - a potion of resistance {unknown}
 m - a potion of heal wounds {unknown}
 p - a potion of ambrosia {unknown}
 q - a potion of magic {unknown}
 r - a potion of invisibility {unknown}
 s - a potion of mutation {unknown}


   Skills:
 * Level 6.6 Fighting
 * Level 6.0 Maces & Flails
 + Level 4.1 Armour
 - Level 1.5 Dodging


You had 6 spell levels left.
You didn't know any spells.
Your spell library was empty.

Dungeon Overview and Level Annotations

Branches:
Dungeon (4/15)
 Temple: D:4-7

Altars:
The Shining One


Message History

The gnoll misses you. The orc barely misses you.
Your Maces & Flails skill increases to level 6!
Your Armour skill increases to level 4!
You have reached level 7!
You closely miss the scorpion. The hound closely misses you.
The scorpion stings you.
* * * LOW HITPOINT WARNING * * *
The hound bites you but does no damage. The orc hits you with a +0 hand axe.
* * * LOW HITPOINT WARNING * * *
You barely miss the scorpion.
The scorpion stings you but does no damage.
The gnoll hits you from afar with a +2 heavy halberd.
* * * LOW HITPOINT WARNING * * *
The hound closely misses you.
Okay, then.
You are too berserk!
Found a stone staircase leading up.
The orc misses you. The scorpion stings you.
* * * LOW HITPOINT WARNING * * *
You are poisoned.
The scorpion poisons you! The hound closely misses you.
You sock the orc!
You kill the orc!
Trog accepts your kill.
You feel sick. The gnoll barely misses you. The hound bites you.
* * * LOW HITPOINT WARNING * * *
The scorpion closely misses you. The hound attacks as you move away!
The hound bites you but does no damage.
* * * LOW HITPOINT WARNING * * *
You feel sick.
Things that are here:
a +0 hand axe; an orc corpse You feel a strong urge to attack something.
You are no longer berserk.
You are exhausted.
You feel yourself slow down. The scorpion closely misses you.
There is an open door here.
It was a potion of attraction.
You feel attractive to monsters.
You die...

..................
#'#.............O....#
..#..................#
..#..................#
#######..............#
..## #..............#
...# #..<..#####....#
...# #.....#).h#....#
..## #.....'g.s@....#
#### #.....#####....#
...# #.....# ....#
...# #....h# ....#
...# #.....# ...<#
..## #.....# ....#
..## #.....# ....#
...# #.....+ ....#
...#


You could see a scorpion, a hound and a gnoll.

Vanquished Creatures
  Sigmund (D:2)
  An ogre (D:4)
  An iguana (D:4)
  Jessica (D:3)
  3 orc wizards
  4 adders
  A gnoll (D:4)
  A worm (D:2)
  A dart slug (D:1)
  7 orcs
  2 endoplasms
  7 giant cockroaches
  3 goblins
  3 hobgoblins
  6 jackals
  6 kobolds
  3 quokkas
  2 ball pythons (D:1)
  8 bats
  3 frilled lizards
  6 rats
70 creatures vanquished.

Vanquished Creatures (collateral kills)
  An orc (D:3)
1 creature vanquished.

Vanquished Creatures (others)
  A rat (D:3)
1 creature vanquished.

Grand Total: 72 creatures vanquished

Notes
Turn   | Place    | Note
-------+----------+-------------------------------------------
     0 | D:1      | rabbitsville the Hill Orc Berserker began the quest for the
                  | Orb.
     0 | D:1      | Reached XP level 1. HP: 19/19 MP: 1/1
   151 | D:1      | Found a faded altar of an unknown god.
   263 | D:1      | Reached XP level 2. HP: 27/27 MP: 2/2
   837 | D:2      | Reached XP level 3. HP: 31/33 MP: 3/3
   947 | D:2      | Noticed Sigmund
  1328 | D:2      | You fall into a shaft and drop 2 floors!
  1484 | D:2      | Killed Sigmund
  1485 | D:2      | Reached skill level 5 in Fighting
  1485 | D:2      | Reached skill level 5 in Maces & Flails
  1485 | D:2      | Reached XP level 4. HP: 22/42 MP: 4/4
  1485 | D:2      | Reached XP level 5. HP: 25/49 MP: 5/5
  1499 | D:2      | Reached XP level 6. HP: 24/56 MP: 6/6
  1698 | D:2      | Reached ** piety under Trog
  2248 | D:3      | Noticed Jessica
  2268 | D:3      | Killed Jessica
  2576 | D:3      | Found a glowing golden altar of the Shining One.
  2975 | D:4      | Identified the +4 ring mail of Syndicalism {rElec rF+}
  3346 | D:4      | Reached *** piety under Trog
  3450 | D:4      | Reached XP level 7. HP: 23/64 MP: 7/7
  3453 | D:4      | HP: 2/96 [hound (4)]
  3456 | D:4      | Succumbed to a scorpion's poison

Illustrated notes

Levels and vault maps discovered:
D:1:      dpeg_arrival_tiny_h, layout_loops_ring, serial_bayou,
          serial_bayou_pond_e, serial_bayou_pond_e, serial_bayou_pond_e,
          serial_bayou_lagoon_b, shapermc_ecumenical_altar_pompeii
D:2:      layout_basic, minmay_crystal_water, hangedman_decor_slide_cut,
          uniq_sigmund
D:3:      layout_loops_ring, tso_oasis_becter, uniq_jessica
D:4:      layout_gridville

Skill      XL: |  1  2  3  4  5  6 |
---------------+-------------------+-----
Fighting       | 4 5 6 |  6.6
Maces & Flails | 5 6 |  6.0
Armour         | 3 4 |  4.1
Dodging        | |  1.5

Action                     |  1- 3 |  4- 6 |  7- 9 || total
---------------------------+-------+-------+-------++-------
  Melee: Mace              |   108 |    33 |       ||   141
         Flail             |       |   131 |     3 ||   134
 Invoke: Berserk           |     1 |       |       ||     1
    Use: Potion            |       |       |     1 ||     1
 Armour: Animal skin       |    32 |       |       ||    32
         Scale mail        |     2 |    66 |       ||    68
         Ring mail         |       |    31 |     3 ||    34
  Dodge: Dodged            |    84 |   129 |     7 ||   220

Table legend: (Time is in decaauts)
 A = Elapsed time spent in this place.
 B = Non-inter-level travel time spent in this place.
 C = Inter-level travel time spent in this place.
 D = Time resting spent in this place.
 E = Time spent auto-exploring this place.
 F = Levels seen in this place.
 G = Mean time per level.
                   A        B        C        D        E       F      G
               +--------+--------+--------+--------+--------+-----+--------+
         Total |   3539 |   3438 |    101 |    115 |   2328 |   4 |  884.8 |
       Dungeon |   3539 |   3438 |    101 |    115 |   2328 |   4 |  884.8 |
               +--------+--------+--------+--------+--------+-----+--------+

Top non-repeatable levels by time:
     D:1: 1003 daAuts
     D:2: 989 daAuts
     D:3: 932 daAuts
     D:4: 614 daAuts
